 Dungeon Crawl Stone Soup version 0.28.0-47-ge53b351184 (webtiles) character file.

Game seed: 2488383455999742311

7877 Exodus22XD the Cleaver (level 11, 0/97 HPs)
             Began as a Hill Orc Fighter on May 6, 2022.
             Was a Believer of Beogh.
             Killed from afar by a gargoyle (21 damage)
             ... with a stone arrow
             ... on level 10 of the Dungeon.
             The game lasted 00:20:14 (7444 turns).

Exodus22XD the Cleaver (Hill Orc Fighter)           Turns: 7444, Time: 00:20:14

Health: 0/97       AC: 20    Str: 30    XL:     11   Next: 22%
Magic:  19/19      EV: 11    Int: 12    God:    Beogh [**....]
Gold:   453        SH:  6    Dex: 17    Spells: 10/10 levels left

rFire   . . .      SeeInvis .   I - +4 mace of Fortitude {venom, rPois Int+4 Dex+7}
rCold   . . .      Faith    .   c - +0 buckler
rNeg    . . .      Spirit   .   o - +0 plate armour
rPois   +          Reflect  .   (no helmet)
rElec   .          Harm     .   J - +0 cloak
rCorr   .          Rampage  .   m - +2 pair of gloves
Will    .....                   F - +0 pair of boots
Stlth   ..........              k - amulet of regeneration
HPRegen 1.06/turn               z - +6 ring of strength
MPRegen 0.16/turn               t - +4 ring of evasion

@: no status effects
A: no striking features
a: Renounce Religion, Smiting


You were on level 10 of the Dungeon.
You worshipped Beogh.
Beogh was pleased with you.
You visited 1 branch of the dungeon, and saw 10 of its levels.

You collected 453 gold pieces.

Inventory:

Hand Weapons
 a - a +0 war axe
 d - a +1 hand axe of freezing
 B - a +1 antimagic halberd
 D - the +8 halberd of the Water Diviner {flame, rPois rF+ rN+ Dex+3}
   (You found it on level 6 of the Dungeon)

   It burns those it strikes, dealing additional fire damage.
   Big, fiery blades are also staple armaments of hydra-hunters.
   Dex:       It affects your dexterity (+3).
   rF:        It protects you from fire.
   rPois:     It protects you from poison.
   rN:        It protects you from negative energy.
 I - the +4 mace of Fortitude (weapon) {venom, rPois Int+4 Dex+7}
   (You found it on level 7 of the Dungeon)

   It poisons the flesh of those it strikes.
   Int:       It affects your intelligence (+4).
   Dex:       It affects your dexterity (+7).
   rPois:     It protects you from poison.
Armour
 c - a +0 buckler (worn)
 m - a +2 pair of gloves (worn)
 o - a +0 plate armour (worn)
 F - a +0 pair of boots (worn)
 J - a +0 cloak (worn)
Jewellery
 k - an amulet of regeneration (around neck)
 r - a ring of fire
 t - a +4 ring of evasion (right hand)
 z - a +6 ring of strength (left hand)
Wands
 C - a wand of polymorph (3)
 E - a wand of acid (10)
Scrolls
 b - 2 scrolls of fog
 g - a scroll of torment
 h - a scroll of blinking {unknown}
 l - 5 scrolls of teleportation
 n - 4 scrolls of enchant armour
 p - a scroll of vulnerability
 u - 2 scrolls of amnesia {unknown}
 v - a scroll of holy word {unknown}
 y - 2 scrolls of magic mapping {unknown}
 H - 2 scrolls of identify
 K - a scroll of silence {unknown}
Potions
 e - 5 potions of curing
 f - a potion of cancellation
 i - 3 potions of mutation
 j - 2 potions of berserk rage
 q - a potion of resistance {unknown}
 s - a potion of flight {unknown}
 w - a potion of magic {unknown}
 x - 3 potions of lignification {unknown}
 A - 2 potions of haste {unknown}
 G - a potion of attraction {unknown}


   Skills:
 + Level 9.0 Fighting
 + Level 13.3 Axes
 - Level 0.2(7.1) Maces & Flails
 + Level 8.7 Armour
 + Level 6.1 Shields
 - Level 10.6 Invocations


You had 10 spell levels left.
You didn't know any spells.
Your spell library was empty.

Dungeon Overview and Level Annotations

Branches:
Dungeon (10/15)            Temple (0/1) D:4            Lair (0/6) D:9
    Orc (0/2) D:9

Altars:
Fedhas
Kikubaaqudgha
Okawaru
Uskayaw
Wu Jian
Xom
Yredelemnul
The Shining One

Shops:
D:2 :

Portals:
Trove: D:10 (give 2 scrolls of acquirement)


Message History

You hit the gargoyle.
The gargoyle is severely damaged.
You block the gargoyle's attack.
You hit the gargoyle but do no damage.
The gargoyle is severely damaged.
The gargoyle hurls a stone arrow at you.
The stone arrow hits you.
You barely miss the gargoyle.
The gargoyle is severely damaged.
The gargoyle hurls a stone arrow at you.
The stone arrow hits you!
You hit the gargoyle but do no damage.
The gargoyle is severely damaged.
The gargoyle hurls a stone arrow at you.
The stone arrow hits you!
You hit the gargoyle but do no damage.
The gargoyle is severely damaged.
The gargoyle hurls a stone arrow at you.
The stone arrow hits you but does no damage.
You hit the gargoyle but do no damage.
The gargoyle is severely damaged.
The gargoyle hurls a stone arrow at you.
The stone arrow hits you but does no damage.
You hit the gargoyle but do no damage.
The gargoyle is severely damaged.
The gargoyle hurls a stone arrow at you.
The stone arrow hits you!!
* * * LOW HITPOINT WARNING * * *
Aiming: Corrosive Bolt
Press: ? - help, Shift-Dir - straight line, f - gargoyle
Aim: a gargoyle, wielding a +0 morningstar (severely damaged, 86% to hit)
The bolt of acid hits the gargoyle.
The acid corrodes the gargoyle!
The gargoyle is almost destroyed.
The gargoyle hits you with a +0 morningstar.
* * * LOW HITPOINT WARNING * * *
You barely miss the gargoyle.
The gargoyle is almost destroyed.
The gargoyle hurls a stone arrow at you.
The stone arrow hits you!!
You die...

#.......# #. ####'####
#. #....# #.### #.####
##!.(# ##'#######
#..∩.# #........#
####.?.(# #........#
......#.#####........#
#$..9@....'........#
####.######....:...+
#. #........# #.
#........# #.
#........# #.
#######+## #. #.


You could see a gargoyle (corroded).

Vanquished Creatures
  A boulder beetle (D:8)
  A two-headed ogre (D:8)
  Joseph (D:7)
  An elephant (D:9)
  2 trolls
  A hornet (D:9)
  A shadow (D:9)
  3 yaks (D:7)
  A wyvern (D:9)
  3 steam dragons
  A basilisk (D:9)
  Menkaure (D:7)
  Edmund (D:6)
  Duvessa (D:7)
  3 ice beasts
  A hornet zombie (D:8)
  An orc warrior (D:5)
  3 black bears
  A necrophage (D:7)
  3 ogres
  2 phantoms (D:9)
  2 centaurs
  2 bullfrogs
  2 gnoll sergeants
  2 scorpions
  A water moccasin zombie (D:7)
  Dowan (D:7)
  A water moccasin skeleton (D:4)
  A troll zombie (D:9)
  6 killer bees
  8 wights
  A bullfrog zombie (D:5)
  3 jellies
  2 centaur zombies
  Crazy Yiuf (D:7)
  A centaur skeleton (D:5)
  A gnoll shaman (D:5)
  An iguana (D:5)
  8 orc wizards
  2 killer bee zombies (D:7)
  7 ogre zombies (D:9)
  A howler monkey zombie (D:9)
  6 adders
  13 gnolls
  An ufetubus (D:6)
  2 worms
  5 dart slugs
  18 orcs
  8 endoplasms
  4 giant cockroaches
  7 goblins
  5 hobgoblins
  2 jackals (D:2)
  12 kobolds
  6 quokkas
  6 ball pythons
  7 bats
  13 frilled lizards
  A goblin skeleton (D:9)
  3 goblin zombies (D:9)
  3 hobgoblin zombies (D:9)
  An orc skeleton (D:9)
  17 orc zombies (D:9)
  5 rats
232 creatures vanquished.

Vanquished Creatures (others)
  6 fungi
  8 plants
14 creatures vanquished.

Grand Total: 246 creatures vanquished

Notes
Turn   | Place    | Note
-------+----------+-------------------------------------------
     0 | D:1      | Exodus22XD the Hill Orc Fighter began the quest for the
                  | Orb.
     0 | D:1      | Reached XP level 1. HP: 19/19 MP: 1/1
    39 | D:1      | Found a faded altar of an unknown god.
   161 | D:1      | Reached XP level 2. HP: 27/27 MP: 2/2
   568 | D:1      | Reached XP level 3. HP: 33/33 MP: 3/3
   983 | D:2      | Reached skill level 3 in Axes
  1164 | D:2      | Found an ornate altar of the Wu Jian Council.
  1332 | D:2      | Reached XP level 4. HP: 40/41 MP: 4/4
  1417 | D:2      | Found Qodox's Book Emporium.
  1807 | D:3      | Reached skill level 4 in Axes
  1870 | D:3      | Reached XP level 5. HP: 42/47 MP: 5/5
  2195 | D:4      | Found a staircase to the Ecumenical Temple.
  2224 | D:4      | Noticed an ogre
  2230 | D:4      | Killed an ogre
  2231 | D:4      | Reached skill level 5 in Axes
  2269 | D:4      | Reached XP level 6. HP: 54/55 MP: 6/6
  2326 | D:4      | Found a hide-covered altar of Uskayaw.
  2464 | D:4      | Reached skill level 6 in Axes
  2558 | D:4      | Found an iron altar of Okawaru.
  2610 | D:4      | Found an ancient bone altar of Kikubaaqudgha.
  2746 | D:5      | Entered Level 5 of the Dungeon
  2756 | D:5      | Reached skill level 5 in Fighting
  2796 | D:5      | Reached XP level 7. HP: 48/61 MP: 7/7
  2808 | D:5      | Reached skill level 7 in Axes
  2820 | D:5      | Reached skill level 5 in Armour
  3253 | D:5      | You fall into a shaft and drop 3 floors!
  3261 | D:7      | Noticed Menkaure
  3267 | D:7      | Killed Menkaure
  3268 | D:7      | Reached skill level 8 in Axes
  3280 | D:7      | Noticed a yak
  3280 | D:7      | Noticed a yak
  3555 | D:5      | Reached XP level 8. HP: 70/70 MP: 8/8
  3822 | D:6      | Reached skill level 9 in Axes
  3957 | D:6      | Reached skill level 10 in Axes
  4039 | D:6      | Noticed Edmund
  4084 | D:6      | Killed Edmund
  4186 | D:6      | Reached XP level 9. HP: 78/78 MP: 9/9
  4247 | D:6      | Identified the +8 halberd of the Water Diviner {flame,
                  | rPois rF+ rN+ Dex+3}
  4396 | D:6      | Reached skill level 11 in Axes
  4915 | D:7      | Noticed Duvessa
  4915 | D:7      | Noticed Dowan
  4943 | D:7      | Killed Duvessa
  4958 | D:7      | Killed Dowan
  4960 | D:7      | Found a shimmering altar of Xom.
  5009 | D:7      | Noticed Joseph
  5023 | D:7      | Reached skill level 12 in Axes
  5029 | D:7      | Killed Joseph
  5030 | D:7      | Reached skill level 5 in Shields
  5147 | D:7      | Found a blossoming altar of Fedhas.
  5300 | D:7      | Found a runed translucent door.
  5301 | D:7      | Noticed Crazy Yiuf
  5303 | D:7      | Identified the +4 mace of Fortitude {venom, rPois Int+4
                  | Dex+7}
  5308 | D:7      | Killed Crazy Yiuf
  5535 | D:7      | Reached XP level 10. HP: 81/88 MP: 10/10
  5549 | D:7      | Reached skill level 13 in Axes
  5788 | D:8      | Found a glowing golden altar of the Shining One.
  5830 | D:8      | Became a worshipper of Beogh the Brigand
  5848 | D:8      | Noticed a boulder beetle
  5867 | D:8      | Killed a boulder beetle
  5906 | D:8      | Reached skill level 5 in Invocations
  6099 | D:8      | Found a basalt altar of Yredelemnul.
  6227 | D:8      | Noticed a two-headed ogre
  6245 | D:8      | Killed a two-headed ogre
  6735 | D:9      | Found a staircase to the Lair.
  6741 | D:9      | Reached skill level 10 in Invocations
  6742 | D:9      | Noticed an elephant
  6752 | D:9      | Killed an elephant
  6753 | D:9      | Reached XP level 11. HP: 85/95 MP: 17/19
  6891 | D:9      | Reached * piety under Beogh
  6953 | D:9      | Found a staircase to the Orcish Mines.
  7160 | D:9      | Reached ** piety under Beogh
  7367 | D:10     | Entered Level 10 of the Dungeon
  7423 | D:10     | Found a portal to a secret trove of treasure.
  7444 | D:10     | Killed from afar by a gargoyle

Illustrated notes

Levels and vault maps discovered:
D:1:      minmay_arrival_diagonal_passages, layout_basic,
          hellmonk_ecumenical_altar_blasted, chequers_arboretum
D:2:      layout_rooms, basic_altar, serial_shops, shop
D:3:      layout_basic, minmay_lizard_king
D:4:      layout_loops_cross, nicolae_overflow_hidden_temple,
          mainiacjoe_overflow_big_doors, minmay_temple_entry_wispy
D:5:      layout_loops_ring, corner_web_ring
D:6:      kennysheep_steamy, layout_basic, minmay_holes, uniq_edmund
D:7:      layout_basic, mainiacjoe_overflow_paths,
          mainiacjoe_overflow_boulevard, serial_corexii_hall,
          chequers_hall_statues_corner_a, chequers_hall_statues_wall_a,
          uniq_menkaure, uniq_joseph, uniq_crazy_yiuf_cottage, uniq_duvessa
D:8:      layout_gridville, marbit_many_paths, mainiacjoe_overflow_cross_hatched
D:9:      layout_roguey, david_lair_generic, zombieorc2_lemuel
D:10:     layout_roguey, grunt_temple_overflow_opulence, general_overflow_altar,
          nicolae_trove_entry_free_sample, uniq_fannar

Skill      XL: |  1  2  3  4  5  6  7  8  9 10 11 |
---------------+----------------------------------+-----
Fighting       | 4 5 6 8 9 |  9.0
Axes           | 3 4 5 6 8 10 12 13 | 13.3
Armour         | 4 5 6 7 8 |  8.7
Shields        | 4 5 6 |  6.1
Invocations    | 10 | 10.6
Maces & Flails | |  0.2

Action                   |  1- 3 |  4- 6 |  7- 9 | 10-12 || total
-------------------------+-------+-------+-------+-------++-------
Melee: War axe           |   103 |   161 |   249 |       ||   513
       Mace              |       |       |    15 |   299 ||   314
Invok: Convert to Beogh  |       |       |       |     1 ||     1
Evoke: Wand              |       |       |       |     2 ||     2
  Use: Potion            |       |       |     4 |       ||     4
       Scroll            |       |       |    10 |       ||    10
Armor: Scale mail        |    65 |    49 |       |       ||   114
       Plate armour      |       |    50 |   142 |   161 ||   353
Dodge: Dodged            |    58 |    77 |   147 |   147 ||   429
Block: Buckler           |    32 |    34 |    58 |    83 ||   207
